[Event "Titled Tuesday Blitz June 22 2021"]
[White "Hammer, Jon Ludvig"]
[Black "Visakh N R"]
[WhiteFideId "1503707"]
[BlackFideId "25012223"]
[WhiteElo "2607"]
[BlackElo "2428"]
[Result "0-1"]
[Round "08"]
[TimeControl "180+1"]
[Date "2021.06.22"]
[WhiteClock "0:00:01"]
[BlackClock "0:00:03"]

1. e4 c5 2. Nf3 Nc6 3. Bb5 g6 4. Bxc6 dxc6 5. d3 Bg7 6. h3 e5 7. Nc3 Qd6 8. O-O Nf6 9. Be3 O-O 10. Qc1 b6 11. Bh6 Nh5 12. Bxg7 Kxg7 13. Re1 Qf6 14. Qg5 Qxg5 15. Nxg5 Nf4 16. Nf3 f6 17. a3 Ne6 18. b4 Bd7 19. bxc5 Nxc5 20. a4 a5 21. Reb1 Rfb8 22. Nd2 Na6 23. Nc4 Nb4 24. Rb2 Be6 25. Ne3 Rd8 26. h4 h5 27. Ne2 Bf7 28. f3 Rd7 29. g3 Ra6 30. Kf2 Ra8 31. Kf1 Rad8 32. Kg2 Be6 33. f4 Bf7 34. f5 g5 35. Kf1 g4 36. Nc3 Rd4 37. Ke2 Kf8 38. Nf1 R4d7 39. Nd2 Rd6 40. Ndb1 Ke7 41. Nd2 Kd7 42. Nf1 Kc7 43. Nd1 R6d7 44. Nf2 Na6 45. Ne3 Rd4 46. c3 R4d7 47. Rab1 Rb8 48. Ra1 Nc5 49. Nc2 Rbd8 50. Ne1 Bb3 0-1


[Site "https://www.chess.com"]

[Event "Titled Tuesday Blitz June 22 2021"]
[White "Jobava, Baadur"]
[Black "Srihari L R"]
[WhiteFideId "13601520"]
[BlackFideId "46617116"]
[WhiteElo "2748"]
[BlackElo "2121"]
[Result "0-1"]
[Round "08"]
[TimeControl "180+1"]
[Date "2021.06.22"]
[WhiteClock "0:00:15"]
[BlackClock "0:00:05"]

1. d4 d5 2. Nc3 Nf6 3. Bf4 c6 4. e3 Bf5 5. f3 h6 6. Bd3 Bxd3 7. Qxd3 e6 8. Nge2 Bd6 9. O-O-O Bxf4 10. exf4 Nbd7 11. Qe3 g6 12. Kb1 Qc7 13. Nc1 O-O-O 14. Nd3 Ne8 15. h4 h5 16. Ne5 Nd6 17. g4 Nb6 18. b3 Kb8 19. Ne2 Rc8 20. Nc1 Nb5 21. a4 Nd6 22. Ncd3 Rcg8 23. Nc5 Rd8 24. Kb2 f6 25. Nxe6 fxe5 26. Qf2 Nbc4+ 27. Ka2 Qa5 28. Nxd8 Rxd8 29. fxe5 Qb4 30. bxc4 Nxc4 31. c3 Qxa4+ 32. Kb1 Qb3+ 33. Ka1 Qxc3+ 34. Ka2 Qa3+ 35. Kb1 Qb3+ 36. Ka1 Rf8 37. Rhf1 Rxf3 38. Qe2 Qa4+ 39. Qa2 Ra3 40. Rf2 Qxd1# 0-1


[Site "https://www.chess.com"]

[Event "Titled Tuesday Blitz June 22 2021"]
[White "Kamsky, Gata"]
[Black "Bortnyk, Olexandr"]
[WhiteFideId "2000024"]
[BlackFideId "14120828"]
[WhiteElo "2644"]
[BlackElo "2723"]
[Result "0-1"]
[Round "08"]
[TimeControl "180+1"]
[Date "2021.06.22"]
[WhiteClock "0:00:01"]
[BlackClock "0:00:07"]

1. d4 d6 2. Nf3 Nf6 3. Bf4 Nbd7 4. h3 b6 5. e3 Bb7 6. Nbd2 e6 7. a4 a6 8. Bh2 Be7 9. Bd3 h6 10. c3 g5 11. Qe2 Rg8 12. e4 Ra7 13. Nc4 Qa8 14. Nfd2 d5 15. exd5 Nxd5 16. Rg1 Nf4 17. Bxf4 gxf4 18. Be4 c5 19. Bxb7 Qxb7 20. Ne4 Kf8 21. dxc5 Nxc5 22. Nxc5 bxc5 23. O-O-O Qb3 24. a5 Qa2 25. Kc2 Rb7 26. Qe4 Qb3+ 27. Kb1 Rg5 28. Rd3 Rf5 29. Rgd1 Rb5 30. f3 Bf6 31. Kc1 Kg7 32. R1d2 Qa2 33. Kc2 Qb3+ 34. Kc1 Rg5 0-1


[Site "https://www.chess.com"]

[Event "Titled Tuesday Blitz June 22 2021"]
[White "Khubukshanov, Erdem"]
[Black "Mekhitarian, Krikor Sevag"]
[WhiteFideId "54114527"]
[BlackFideId "2107660"]
[WhiteElo "2222"]
[BlackElo "2598"]
[Result "1-0"]
[Round "08"]
[TimeControl "180+1"]
[Date "2021.06.22"]
[WhiteClock "0:00:28"]
[BlackClock "0:00:04"]

1. e4 c5 2. Nf3 g6 3. d4 cxd4 4. Nxd4 Nc6 5. c4 Nf6 6. Nc3 d6 7. f3 Nxd4 8. Qxd4 Bg7 9. Be3 O-O 10. Qd2 Be6 11. Rc1 Qa5 12. Be2 Rfc8 13. b3 a6 14. Na4 Qxd2+ 15. Kxd2 Nd7 16. h4 f5 17. exf5 gxf5 18. Rhe1 Be5 19. Bg5 Bf6 20. Bd3 Kf7 21. Rxe6 Kxe6 22. Re1+ Kf7 23. Bxf5 Nc5 24. Nb6 e6 25. Nxc8 Rxc8 26. Bxh7 a5 27. Bc2 Rg8 28. f4 e5 29. Be4 Nxe4+ 30. Rxe4 Ke6 31. Kd3 Kf5 32. fxe5 Bxg5 33. g4+ Ke6 34. exd6+ Kxd6 35. hxg5 Rxg5 36. Ke3 Rg8 37. Kf4 Kc5 38. g5 Kb4 39. Kf5 a4 40. bxa4 Kxa4 41. g6 Ka3 42. Re2 Kb4 43. Rc2 1-0


[Site "https://www.chess.com"]

[Event "Titled Tuesday Blitz June 22 2021"]
[White "Korobov, Anton"]
[Black "Dubov, Daniil"]
[WhiteFideId "14105730"]
[BlackFideId "24126055"]
[WhiteElo "2668"]
[BlackElo "2722"]
[Result "1-0"]
[Round "08"]
[TimeControl "180+1"]
[Date "2021.06.22"]
[WhiteClock "0:00:47"]
[BlackClock "0:00:25"]

1. d4 Nf6 2. c4 g6 3. Nc3 d5 4. cxd5 Nxd5 5. e4 Nxc3 6. bxc3 Bg7 7. Bc4 c5 8. Ne2 Nc6 9. Be3 O-O 10. O-O b6 11. Rc1 Bb7 12. h4 e5 13. Bg5 Bf6 14. dxc5 Bxg5 15. hxg5 Qxg5 16. Bd5 Rad8 17. Qa4 Qf6 18. f4 Na5 19. fxe5 Qxe5 20. c6 Bxc6 21. Bxc6 Rd2 22. Rf2 Rxe2 23. Rxe2 Qc5+ 24. Qd4 Qxc6 25. Rf1 Nc4 26. e5 Re8 27. Rf6 Re6 28. Qd8+ Kg7 29. Rxf7+ Kxf7 30. Rf2+ Kg7 31. Qf8# 1-0


[Site "https://www.chess.com"]

[Event "Titled Tuesday Blitz June 22 2021"]
[White "Lagarde, Maxime"]
[Black "Demchenko, Anton"]
[WhiteFideId "662399"]
[BlackFideId "4160258"]
[WhiteElo "2630"]
[BlackElo "2593"]
[Result "0-1"]
[Round "08"]
[TimeControl "180+1"]
[Date "2021.06.22"]
[WhiteClock "0:02:00"]
[BlackClock "0:01:54"]

1. d4 Nf6 2. Nf3 g6 3. Bg5 Bg7 4. c3 d6 5. Nbd2 h6 6. Bh4 O-O 7. e4 c5 8. dxc5 dxc5 9. Be2 Nc6 10. O-O Nh5 11. Re1 Qc7 12. Qc2 b6 13. Bf1 Bb7 14. Nc4 b5 15. Ne3 Ne5 16. Nd2 c4 17. Nd5 Bxd5 18. exd5 Rad8 19. Qe4 f5 20. Qc2 g5 21. Be2 Nf4 22. Bg3 Nxe2+ 23. Rxe2 f4 0-1


[Site "https://www.chess.com"]

[Event "Titled Tuesday Blitz June 22 2021"]
[White "Lazavik, Denis"]
[Black "Petriashvili, Nikoloz"]
[WhiteFideId "13515110"]
[BlackFideId "13611216"]
[WhiteElo "2436"]
[BlackElo "2430"]
[Result "1-0"]
[Round "08"]
[TimeControl "180+1"]
[Date "2021.06.22"]
[WhiteClock "0:00:47"]
[BlackClock "0:01:22"]

1. d4 Nf6 2. c4 g6 3. g3 c5 4. Nf3 Bg7 5. Bg2 cxd4 6. Nxd4 Nc6 7. Nc3 O-O 8. O-O Nxd4 9. Qxd4 d6 10. Qd3 Be6 11. Rb1 Nd7 12. b3 Nc5 13. Qd2 a5 14. Ba3 Qc8 15. Rfd1 Bf5 16. Rbc1 Be6 17. h4 h5 18. Qg5 Bf6 19. Qe3 Rb8 20. Nb5 Kg7 21. Nd4 Rd8 22. Bb2 Bd7 23. Rd2 Bc6 24. Nxc6 bxc6 25. Qxe7 Bxb2 26. Rxb2 a4 27. Qe3 Qe6 28. Qxe6 fxe6 29. b4 Na6 30. a3 d5 31. cxd5 cxd5 32. Rc6 Ra8 33. Rxe6 Nc7 34. Re7+ 1-0


[Site "https://www.chess.com"]

[Event "Titled Tuesday Blitz June 22 2021"]
[White "Liang, Jason"]
[Black "Indjic, Aleksandar"]
[WhiteFideId "30940303"]
[BlackFideId "911925"]
[WhiteElo "1976"]
[BlackElo "2643"]
[Result "0-1"]
[Round "08"]
[TimeControl "180+1"]
[Date "2021.06.22"]
[WhiteClock "0:00:01"]
[BlackClock "0:00:30"]

1. c3 g6 2. d4 Bg7 3. e4 d6 4. Nf3 Nf6 5. Bd3 O-O 6. O-O Nc6 7. Re1 e5 8. d5 Nb8 9. c4 a5 10. Nc3 Nbd7 11. Bc2 h6 12. a3 Nh5 13. Be3 Nf4 14. b4 b6 15. Ba4 Nf6 16. Bc6 axb4 17. axb4 Rxa1 18. Qxa1 Nd3 19. Rb1 Ng4 20. Nb5 f5 21. Qa7 fxe4 22. Qxc7 Qxc7 23. Nxc7 Nxe3 24. fxe3 exf3 25. Ne6 Rf7 26. gxf3 e4 27. f4 Ra7 28. c5 bxc5 29. bxc5 Bxe6 30. Rb8+ Bf8 31. dxe6 Nxc5 32. Bd5 Kg7 33. Rd8 Be7 34. Re8 h5 35. Kg2 Kf6 36. Rh8 Nxe6 37. Bxe4 Ra2+ 38. Kg3 Ra3 39. Kf2 Nc5 40. Bd5 Ne6 41. Rg8 Nf8 42. h4 Ra5 43. e4 Rxd5 44. exd5 Kf7 45. Rxf8+ Kxf8 46. Kg3 Kg7 47. f5 gxf5 48. Kf4 Kg6 49. Kg3 Bf6 50. Kh3 f4 0-1


[Site "https://www.chess.com"]

[Event "Titled Tuesday Blitz June 22 2021"]
[White "Materia, Marco"]
[Black "Cardoso Cardoso, Jose Gabriel"]
[WhiteFideId "45150451"]
[BlackFideId "4430492"]
[WhiteElo "2659"]
[BlackElo "2343"]
[Result "0-1"]
[Round "08"]
[TimeControl "180+1"]
[Date "2021.06.22"]
[WhiteClock "0:00:29"]
[BlackClock "0:00:39"]

1. d4 Nf6 2. c4 g6 3. Nc3 Bg7 4. e4 d6 5. Nf3 O-O 6. Be2 e5 7. Bg5 Qe8 8. d5 a5 9. O-O Na6 10. Nd2 Nc5 11. b3 h6 12. Bh4 Nh7 13. a3 Bf6 14. Bxf6 Nxf6 15. b4 Na6 16. Nb3 axb4 17. axb4 Bd7 18. b5 Nb4 19. Qd2 Qe7 20. Na4 Nxe4 21. Qxb4 Qg5 22. Bf3 Nf6 23. Qd2 Qh4 24. Nb2 g5 25. g3 Qh3 26. Bg2 Qg4 27. Rxa8 Rxa8 28. Ra1 Rxa1+ 29. Nxa1 Bf5 30. f3 Qh5 31. g4 Bxg4 32. fxg4 Qxg4 33. Nb3 Nh5 34. Nc1 Nf4 35. Nbd3 Ng6 36. c5 Nh4 37. cxd6 Nf3+ 38. Kh1 Nxd2 39. h3 Qd1+ 40. Kh2 cxd6 41. Na2 Nf1+ 42. Bxf1 Qxf1 43. Ndb4 Qf2+ 44. Kh1 e4 45. Nc3 Qe1+ 0-1


[Site "https://www.chess.com"]

[Event "Titled Tuesday Blitz June 22 2021"]
[White "Maximov, Dmitry"]
[Black "Maghsoodloo, Parham"]
[WhiteFideId "14105659"]
[BlackFideId "12539929"]
[WhiteElo "2494"]
[BlackElo "2601"]
[Result "1-0"]
[Round "08"]
[TimeControl "180+1"]
[Date "2021.06.22"]
[WhiteClock "0:00:12"]
[BlackClock "0:00:04"]

1. e4 e5 2. Nf3 Nc6 3. Bb5 a6 4. Ba4 Nf6 5. O-O b5 6. Bb3 Bc5 7. d3 d6 8. Be3 O-O 9. h3 h6 10. Nbd2 Re8 11. Qe2 Be6 12. Rae1 Bxe3 13. fxe3 Na5 14. Bxe6 fxe6 15. Qf2 c5 16. Nh4 Ra7 17. Qg3 Rf7 18. Qg6 Nc6 19. Rf3 Ref8 20. Ref1 Ne7 21. Qg3 g5 22. R3f2 Qe8 23. Nhf3 Ng6 24. h4 g4 25. h5 Ne7 26. Nh2 Nxh5 27. Qxg4+ Ng7 28. Ndf3 Rf6 29. Nh4 Rxf2 30. Rxf2 Rxf2 31. Kxf2 Qf7+ 32. N2f3 Kh7 33. Qh3 Qf6 34. g4 Kg8 35. Qg3 Nc6 36. Ke2 c4 37. a3 a5 38. g5 hxg5 39. Nxg5 Ne7 40. Nhf3 Qh6 41. Qg4 cxd3+ 42. cxd3 b4 43. axb4 axb4 44. d4 exd4 45. exd4 Qf6 46. Qh4 Qg6 47. Qh2 Ne8 48. Qf4 Nc6 49. Qg4 Ng7 50. d5 exd5 51. exd5 Ne7 52. Qxb4 Qc2+ 53. Kf1 Ngf5 54. Qb8+ Kg7 55. Ne6+ Kf7 56. Qf8+ Kg6 57. Qe8+ Kf6 58. Qh8+ Kg6 59. Nh4+ Nxh4 60. Qg7+ Kf5 61. Nd4+ Ke4 62. Nxc2 Nef5 63. Qg4+ Kxd5 64. Ke1 Ke5 65. Nb4 d5 66. Nd3+ Kf6 67. Nf4 Ke5 68. Ng6+ Nxg6 69. Qxg6 Nd4 70. Qg7+ Ke4 71. b4 Ne6 72. Qg4+ Ke5 73. Qg3+ Kd4 74. Kd2 Kc4 75. Qc3+ Kb5 76. Kc2 Kb6 77. Kb3 Kb5 78. Qd3+ Kc6 79. Qa6+ Kd7 80. Qb7+ Kd6 81. Qb6+ Kd7 82. b5 d4 83. Qc6+ Ke7 84. Kc4 d3 85. Kxd3 1-0


[Site "https://www.chess.com"]

[Event "Titled Tuesday Blitz June 22 2021"]
[White "Muradli, Mahammad"]
[Black "Howell, David W L"]
[WhiteFideId "13409301"]
[BlackFideId "410608"]
[WhiteElo "2482"]
[BlackElo "2643"]
[Result "1/2-1/2"]
[Round "08"]
[TimeControl "180+1"]
[Date "2021.06.22"]
[WhiteClock "0:00:06"]
[BlackClock "0:00:16"]

1. Nf3 c5 2. c4 Nc6 3. Nc3 g6 4. e3 Nf6 5. d4 cxd4 6. exd4 d5 7. cxd5 Nxd5 8. Bc4 Nb6 9. Bb5 Bg7 10. Bxc6+ bxc6 11. O-O O-O 12. h3 a5 13. Re1 a4 14. Bg5 Re8 15. Rc1 Ra5 16. Ne4 Rd5 17. Qc2 Bd7 18. Rcd1 Bf5 19. Qxc6 Bxe4 20. Rxe4 Rd6 21. Qc2 Qd7 22. Ree1 e6 23. Ne5 Qb7 24. Ng4 Rc8 25. Qd2 Nd5 26. Rc1 Rdc6 27. Bh6 Bh8 28. Ne5 Rxc1 29. Rxc1 Rxc1+ 30. Qxc1 Bg7 31. Bxg7 Kxg7 32. g3 Qb4 33. Qc5 Qxb2 34. Nd7 Qb4 35. Qc8 h5 36. Qe8 a3 37. Ne5 Qe1+ 38. Kg2 Qe4+ 39. Kh2 Qf5 40. Kg2 Qe4+ 41. Kh2 Qf5 42. Kg2 Qe4+ 1/2-1/2


[Site "https://www.chess.com"]

[Event "Titled Tuesday Blitz June 22 2021"]
[White "Nakamura, Hikaru"]
[Black "Holt, Conrad"]
[WhiteFideId "2016192"]
[BlackFideId "2034387"]
[WhiteElo "2900"]
[BlackElo "2586"]
[Result "1-0"]
[Round "08"]
[TimeControl "180+1"]
[Date "2021.06.22"]
[WhiteClock "0:00:15"]
[BlackClock "0:00:02"]

1. Nf3 d5 2. e3 Nf6 3. c4 c6 4. d4 Bf5 5. Nc3 e6 6. Nh4 Bg6 7. Nxg6 hxg6 8. Rb1 Nbd7 9. c5 e5 10. b4 Qc7 11. g3 Be7 12. Bg2 Nf8 13. f4 exd4 14. exd4 Ne6 15. O-O O-O 16. Be3 Rfe8 17. Qd3 Nd7 18. f5 gxf5 19. Rxf5 Bf6 20. Rbf1 Rad8 21. Kh1 b6 22. Ne2 bxc5 23. bxc5 Qa5 24. Nc1 Qa4 25. Nb3 Rb8 26. R5f2 Qc4 27. Qd2 Qb4 28. Qd3 Qc4 29. Qxc4 dxc4 30. Na5 Nxd4 31. Bxd4 Bxd4 32. Rd2 Bc3 33. Rxd7 Bxa5 34. Bxc6 Rec8 35. Bd5 Rxc5 36. Bxf7+ Kh7 37. Rd4 Rb6 38. Bxc4 Rf6 39. Bd3+ Kh6 40. Rxf6+ gxf6 41. Kg2 Bb6 42. Rd7 Rc3 43. h4 Bc7 44. Rh7# 1-0


[Site "https://www.chess.com"]

[Event "Titled Tuesday Blitz June 22 2021"]
[White "Nguyen, Ngoc Truong Son"]
[Black "Deepan Chakkravarthy J."]
[WhiteFideId "12401110"]
[BlackFideId "5011132"]
[WhiteElo "2596"]
[BlackElo "2490"]
[Result "1-0"]
[Round "08"]
[TimeControl "180+1"]
[Date "2021.06.22"]
[WhiteClock "0:00:07"]
[BlackClock "0:00:43"]

1. e4 c5 2. Nf3 d6 3. d4 cxd4 4. Nxd4 Nf6 5. Nc3 a6 6. Bg5 e6 7. f4 Nc6 8. Qd2 Qb6 9. Nb3 Be7 10. O-O-O Bd7 11. e5 Ng4 12. Bxe7 Nxe7 13. Qxd6 Qxd6 14. Rxd6 Nf5 15. Rd2 O-O-O 16. Be2 h5 17. Bf3 g5 18. fxg5 Nxe5 19. Nd4 Nxd4 20. Rxd4 Nxf3 21. gxf3 h4 22. Rhd1 Bc6 23. Rxd8+ Rxd8 24. Rxd8+ Kxd8 25. f4 Ke7 26. Kd2 f6 27. Ke3 e5 28. Ne4 fxg5 29. Nxg5 Kf6 30. Nf3 exf4+ 31. Kxf4 Bd5 32. b3 h3 33. Ng5 Bg2 34. c4 a5 35. c5 Bf1 36. a3 Bg2 37. b4 axb4 38. axb4 Bf1 39. Ne4+ Ke6 40. Nc3 Kd7 41. b5 Ke6 42. Ke4 Bg2+ 43. Kd4 Bf3 44. Na4 Be2 45. c6 bxc6 46. b6 Kd7 47. Nc5+ Kc8 48. Ke5 Bf3 49. Kd6 Bg2 50. Nb3 Kb7 51. Kc5 Ka6 52. Nd4 Kb7 53. Ne6 Ka6 54. Nd8 Bf3 55. Nxc6 Kb7 56. Na5+ Ka6 57. Nc4 Kb7 58. Ne5 Bg2 59. Kb5 Bf1+ 60. Kc5 Bg2 61. Nf7 Bh1 62. Nd8+ Ka6 63. Ne6 Bg2 64. Nf4 Bf1 65. Kc6 1-0


[Site "https://www.chess.com"]

[Event "Titled Tuesday Blitz June 22 2021"]
[White "Onyshchuk, Volodymyr"]
[Black "Martinez Alcantara, Jose Eduardo"]
[WhiteFideId "14114038"]
[BlackFideId "3805662"]
[WhiteElo "2603"]
[BlackElo "2690"]
[Result "1-0"]
[Round "08"]
[TimeControl "180+1"]
[Date "2021.06.22"]
[WhiteClock "0:00:14"]
[BlackClock "0:00:03"]

1. Nf3 c5 2. g3 Nc6 3. Bg2 e5 4. O-O g6 5. d3 Bg7 6. c4 d6 7. Nc3 Nge7 8. Bd2 O-O 9. a3 a5 10. Rb1 Be6 11. Ng5 Bg4 12. h3 Bc8 13. Nb5 f5 14. b4 h6 15. Nf3 b6 16. bxc5 dxc5 17. Nc3 Rb8 18. Ne1 Be6 19. Nc2 e4 20. dxe4 fxe4 21. Nxe4 Bxc4 22. Bf4 Ne5 23. Nd6 Be6 24. Ne3 g5 25. Bxe5 Bxe5 26. Nec4 Bg7 27. a4 Nc8 28. e3 Nxd6 29. Nxd6 c4 30. Nb5 c3 31. Qc2 Kh8 32. Rfd1 Qf6 33. Rd6 Qe7 34. Rbd1 Bf5 35. e4 Be6 36. Rc6 Qf7 37. Nd6 Qd7 38. e5 Bxe5 39. Nc4 Bf5 40. Rxd7 Bxc2 41. Nxe5 Bxa4 42. Rxh6+ Kg8 43. Bd5+ 1-0


[Site "https://www.chess.com"]

[Event "Titled Tuesday Blitz June 22 2021"]
[White "Pichot, Alan"]
[Black "Kollars, Dmitrij"]
[WhiteFideId "110973"]
[BlackFideId "12909572"]
[WhiteElo "2622"]
[BlackElo "2576"]
[Result "0-1"]
[Round "08"]
[TimeControl "180+1"]
[Date "2021.06.22"]
[WhiteClock "0:00:01"]
[BlackClock "0:00:05"]

1. e4 e5 2. Nf3 Nc6 3. Bb5 a6 4. Ba4 Nf6 5. O-O Be7 6. Re1 b5 7. Bb3 d6 8. c3 O-O 9. h3 Bb7 10. d4 Re8 11. Ng5 Rf8 12. Nf3 Re8 13. Nbd2 Bf8 14. a3 h6 15. Bc2 Qd7 16. d5 Ne7 17. b3 c6 18. c4 Ng6 19. Nf1 Rec8 20. Ng3 Qc7 21. Bd3 bxc4 22. bxc4 Nd7 23. Be3 a5 24. Rb1 Ba6 25. Qd2 cxd5 26. exd5 Ne7 27. Rec1 Nc5 28. Bxc5 Qxc5 29. Ne4 Qc7 30. c5 Bxd3 31. Qxd3 Ng6 32. c6 Nf4 33. Qd2 Rab8 34. g3 f5 35. Nf6+ gxf6 36. gxf4 Qf7 37. Kh2 Kh7 38. Rg1 Be7 39. Rxb8 Rxb8 40. Nh4 Qh5 41. Ng6 Rb3 42. h4 e4 43. c7 Rd3 44. c8=Q Rxd2 45. Nf8+ Bxf8 46. Qxf8 Rxf2+ 47. Rg2 Rxg2+ 48. Kxg2 Qg4+ 49. Kh1 Qxh4+ 50. Kg1 Qg4+ 51. Kh1 Qf3+ 52. Kg1 Qg3+ 53. Kh1 e3 54. Qe7+ Kg6 55. Qe8+ Kh7 56. Qe7+ Qg7 57. Qxe3 Qf7 58. Qd3 Qh5+ 59. Kg1 Qg4+ 60. Kh1 Qxf4 61. Qb5 Qh4+ 62. Kg1 Qg4+ 63. Kh1 Qe4+ 64. Kg1 Qe3+ 65. Kh1 Qe4+ 66. Kg1 Kg6 67. Qxa5 Qe3+ 68. Kh1 Qe4+ 69. Kg1 f4 70. Qd2 Kf5 71. Kf1 Ke5 72. Qb2+ Qd4 73. Qe2+ Kxd5 74. Qg2+ Qe4 75. Qa2+ Qc4+ 0-1


[Site "https://www.chess.com"]

[Event "Titled Tuesday Blitz June 22 2021"]
[White "Shyaamnikhil P"]
[Black "Quparadze, Giga"]
[WhiteFideId "5024218"]
[BlackFideId "13602250"]
[WhiteElo "2300"]
[BlackElo "2658"]
[Result "0-1"]
[Round "08"]
[TimeControl "180+1"]
[Date "2021.06.22"]
[WhiteClock "0:00:02"]
[BlackClock "0:01:27"]

1. e3 Nf6 2. g4 h6 3. Bg2 d6 4. h3 g6 5. c4 Bg7 6. Nc3 Nbd7 7. Nge2 c6 8. d4 O-O 9. g5 hxg5 10. e4 Nh7 11. h4 gxh4 12. Rxh4 e5 13. Rh1 exd4 14. Nxd4 Ne5 15. Qe2 Qf6 16. Be3 Be6 17. Nxe6 Qxe6 18. Bf1 f5 19. O-O-O f4 20. Bd4 Ng5 21. Kb1 b6 22. Qc2 Rae8 23. Qa4 Ngf3 24. Bxe5 Nxe5 25. Qxa7 Nxc4 26. Bxc4 Qxc4 27. Rxd6 Rf7 28. Qa4 Qxa4 29. Nxa4 b5 30. Nc5 Rf6 31. Rxf6 Bxf6 32. f3 Rd8 33. Kc2 g5 34. Rd1 Rxd1 35. Kxd1 Bxb2 36. Ne6 Bf6 37. Nc5 Kf7 38. Kc2 Be7 39. Na6 Ke6 40. Kc3 Bd6 41. Kd4 Be5+ 42. Kc5 g4 0-1


[Site "https://www.chess.com"]

[Event "Titled Tuesday Blitz June 22 2021"]
[White "Smirnov, Pavel"]
[Black "Djordjevic, Vuk"]
[WhiteFideId "4123425"]
[BlackFideId "902098"]
[WhiteElo "2584"]
[BlackElo "2463"]
[Result "1-0"]
[Round "08"]
[TimeControl "180+1"]
[Date "2021.06.22"]
[WhiteClock "0:01:35"]
[BlackClock "0:00:02"]

1. e4 e6 2. d4 d5 3. e5 c5 4. c3 Nc6 5. Nf3 Qb6 6. Be2 cxd4 7. cxd4 Bb4+ 8. Nc3 Qa5 9. Bd2 Nge7 10. a3 Bxc3 11. Bxc3 Qd8 12. O-O O-O 13. Bd3 h6 14. Bc2 a5 15. Qd3 g6 16. Qe3 Kg7 17. Bd2 Ng8 18. h4 h5 19. Qf4 Bd7 20. Qg3 Nce7 21. Bg5 Kh7 22. Bf6 Nxf6 23. exf6 Ng8 24. Ne5 Kh8 25. Bxg6 fxg6 26. Nxg6+ Kh7 27. Nxf8+ Qxf8 28. Rac1 Bc6 29. b4 axb4 30. axb4 Nxf6 31. b5 Bxb5 32. Rc7+ Bd7 33. Re1 Qg7 34. Qxg7+ Kxg7 35. Rxe6 Rd8 36. Rxb7 Kg6 37. Rd6 Kf7 38. Rbb6 Ne8 39. Rxd5 Ng7 40. f4 Ke7 41. Re5+ Kf7 42. Rd6 Ne8 43. Rb6 Nf6 44. f5 Rc8 45. Rb7 Rc1+ 46. Kf2 Ng4+ 47. Kg3 Rc3+ 48. Kf4 Nf6 49. Re6 Rd3 50. Rxf6+ Kxf6 51. Rxd7 Rf3+ 52. Kxf3 1-0


[Site "https://www.chess.com"]

[Event "Titled Tuesday Blitz June 22 2021"]
[White "SpeedofLight0"]
[Black "Tristan, Leonardo"]
[BlackFideId "113816"]
[WhiteElo "2803"]
[BlackElo "2404"]
[Result "1-0"]
[Round "08"]
[TimeControl "180+1"]
[Date "2021.06.22"]
[WhiteClock "0:00:18"]
[BlackClock "0:00:01"]

1. Nf3 d5 2. g3 Nf6 3. Bg2 Bf5 4. O-O e6 5. d3 Be7 6. b3 O-O 7. Bb2 h6 8. Nbd2 Bh7 9. c4 c6 10. a3 a5 11. Qc2 Nbd7 12. e4 dxe4 13. dxe4 Qb6 14. Bd4 Bc5 15. Qb2 Bxd4 16. Nxd4 Rfd8 17. b4 axb4 18. axb4 Rxa1 19. Rxa1 Nc5 20. e5 Ng4 21. Qc3 Nd3 22. c5 Qxb4 23. Qxb4 Nxb4 24. Nc4 Nd3 25. Nb3 Ngxe5 26. Nd6 Bg6 27. Ra7 Nxc5 28. Nxc5 Rxd6 29. Rxb7 Rd1+ 30. Bf1 Rc1 31. Nb3 Rb1 32. f4 Nf3+ 33. Kf2 Nd2 34. Nc5 Rxb7 35. Nxb7 Nxf1 36. Kxf1 Kf8 37. Ke2 Ke7 38. Ke3 Kd7 39. Kd4 Kc7 40. Nc5 Kd6 41. Nb7+ Ke7 42. Na5 Kd7 43. Nc4 f6 44. Kc5 Be8 45. Nd6 Ke7 46. Nc8+ Kd8 47. Nd6 Bd7 48. h4 Ke7 49. Nc4 g6 50. Kd4 Be8 51. Kc5 Bd7 52. Kd4 g5 53. hxg5 hxg5 54. fxg5 fxg5 55. Ke5 c5 56. Nd6 Bc6 57. Nc8+ Kd7 58. Nb6+ Kc7 59. Nc4 Bd5 60. Ne3 c4 61. Kf6 g4 62. Nxg4 c3 63. Ne3 Kd6 64. Nc2 Be4 65. Nd4 c2 66. Ne2 1-0


[Site "https://www.chess.com"]

[Event "Titled Tuesday Blitz June 22 2021"]
[White "Tari, Aryan"]
[Black "Sarana, Alexey"]
[WhiteFideId "1510045"]
[BlackFideId "24133795"]
[WhiteElo "2656"]
[BlackElo "2629"]
[Result "1-0"]
[Round "08"]
[TimeControl "180+1"]
[Date "2021.06.22"]
[WhiteClock "0:01:40"]
[BlackClock "0:01:34"]

1. e4 c5 2. Nc3 d6 3. f4 Nc6 4. Nf3 Nf6 5. Bb5 Bd7 6. O-O e6 7. h3 a6 8. Bxc6 Bxc6 9. d3 Be7 10. a4 b5 11. axb5 axb5 12. Rxa8 Qxa8 13. Qe1 b4 14. Nd1 O-O 15. Ne3 Nd7 16. b3 Qa2 17. f5 Bf6 18. Qg3 e5 19. Ng4 Kh8 20. Nxf6 Nxf6 21. Bg5 Ne8 22. Be7 Rg8 23. Ng5 g6 24. f6 h6 25. Nxf7+ Kh7 26. Qh4 h5 27. Qg5 1-0


[Site "https://www.chess.com"]

[Event "Titled Tuesday Blitz June 22 2021"]
[White "Timofeev, Artyom"]
[Black "Alavi, Sayed Javad"]
[WhiteFideId "4140419"]
[BlackFideId "12500607"]
[WhiteElo "2582"]
[BlackElo "2495"]
[Result "1/2-1/2"]
[Round "08"]
[TimeControl "180+1"]
[Date "2021.06.22"]
[WhiteClock "0:00:08"]
[BlackClock "0:00:05"]

1. c4 e5 2. e3 d6 3. Nc3 g6 4. d4 exd4 5. Qxd4 Nf6 6. Nf3 Bg7 7. b3 O-O 8. Bb2 Bf5 9. Qd2 Nc6 10. Be2 Re8 11. O-O Ne4 12. Nxe4 Bxe4 13. Bxg7 Kxg7 14. Rfd1 Qf6 15. Rac1 a5 16. a3 h6 17. h3 Re7 18. Nh2 h5 19. Bf3 Rae8 20. b4 axb4 21. axb4 Bxf3 22. Nxf3 Ra8 23. c5 dxc5 24. bxc5 Rd8 25. Qc2 Red7 26. Rxd7 Rxd7 27. Qb3 Nd8 28. Nd4 Qe5 29. Qc4 c6 30. Nf3 Qf6 31. Rb1 Ne6 32. Ne1 Qe5 33. Nd3 Qd5 34. Qc3+ f6 35. Rb3 Kf7 36. h4 Ke7 37. g3 Kf7 38. Nf4 Qf3 39. Rb1 Nxf4 40. gxf4 Qg4+ 41. Kf1 Qxh4 42. Qc4+ Kg7 43. Qe6 Qg4 44. Qxg4 hxg4 45. Kg2 f5 46. Kg3 Kf6 47. f3 gxf3 48. Kxf3 Ke6 49. Ke2 Rh7 50. Rd1 Rh2+ 51. Kf3 Rc2 52. Rd6+ Ke7 53. Rxg6 Rxc5 54. Rg7+ Ke6 55. Rxb7 Rc3 56. Rc7 Kd6 57. Rc8 Ke6 58. Ke2 Rc5 59. Kd3 Kd6 60. Kd4 Rd5+ 61. Kc4 Rc5+ 62. Kd3 Rd5+ 63. Ke2 Rc5 64. Rh8 Ke6 65. Rh6+ Ke7 66. Kd3 Kd7 67. Kd4 Rd5+ 68. Kc4 Kc7 69. Rh7+ Kd6 70. Rh6+ Kc7 71. Rf6 Kd7 72. Rf7+ Kd6 73. Rf8 Rc5+ 74. Kd3 Rd5+ 75. Ke2 Ke7 76. Ra8 Kd7 77. Ra7+ Ke6 78. Ra8 Kd7 79. Rg8 Ke7 80. Rg6 Kd7 81. Rh6 Kc7 82. Kf3 Kd7 83. e4 fxe4+ 84. Kxe4 Rb5 85. f5 Ke7 86. Rh7+ Kf6 87. Rh6+ Kf7 88. Rxc6 Rb1 89. Rc7+ Kf6 90. Rc6+ Kf7 91. Rc3 Kf6 92. Rf3 Rb4+ 93. Kd5 Rb5+ 94. Kd4 Rxf5 95. Rxf5+ Kxf5 1/2-1/2


[Site "https://www.chess.com"]

[Event "Titled Tuesday Blitz June 22 2021"]
[White "Vignesh, N R"]
[Black "David, Alexandru-Vasile"]
[WhiteFideId "25012215"]
[BlackFideId "1223453"]
[WhiteElo "2401"]
[BlackElo "2404"]
[Result "1-0"]
[Round "08"]
[TimeControl "180+1"]
[Date "2021.06.22"]
[WhiteClock "0:00:27"]
[BlackClock "0:00:11"]

1. d4 d5 2. Nf3 e6 3. e3 Nf6 4. Bd3 Bd6 5. O-O O-O 6. Nbd2 b6 7. e4 dxe4 8. Nxe4 Bb7 9. Qe2 Nxe4 10. Bxe4 Bxe4 11. Qxe4 Nd7 12. Rd1 Nf6 13. Qe2 Qe7 14. Bg5 h6 15. Bh4 c5 16. dxc5 Bxc5 17. Ne5 Qc7 18. Bxf6 gxf6 19. Nd7 Rfd8 20. Nxf6+ Kg7 21. Nh5+ Kh7 22. Qe4+ Kh8 23. g3 Qe7 24. Qe5+ f6 25. Qxf6+ Qxf6 26. Nxf6 Bxf2+ 27. Kxf2 Rf8 28. Ke3 Rxf6 29. Rf1 Raf8 30. Rxf6 Rxf6 31. Rd1 Rf5 32. Rd8+ Kg7 33. Rd7+ Kf6 34. Rxa7 Re5+ 35. Kf3 Rf5+ 36. Kg2 Rc5 37. c3 Rd5 38. b3 Rd3 39. c4 e5 40. Rb7 e4 41. Rxb6+ Ke5 42. Rb8 Rd2+ 43. Kh3 Rxa2 44. c5 Kd4 45. b4 e3 46. Rd8+ Kc4 47. Re8 Kxb4 48. Rxe3 Kxc5 49. Re6 h5 50. Re5+ Kd6 51. Rxh5 Ke6 52. Rc5 Kf6 53. g4 Kg6 54. Kg3 Rb2 55. h3 Ra2 56. Kh4 Ra3 57. Rc6+ Kg7 58. g5 Rb3 59. Kg4 Ra3 60. h4 Ra1 61. Kh5 Rg1 62. Rc7+ Kf8 63. Kg6 1-0


[Site "https://www.chess.com"]